AoeStats
← Niroxs

MegaRandom

510299333Analyzed
4v4 RM · 2d ago on Sep 30, 2026· 24m 22s· 8 players
Game mode
Random Map
Map size
Large (8 player)
Population
200
Speed
Normal
Resources
Standard
Victory
Conquest
Starting age
Dark Age
Ending age
Imperial Age
RankedLock teamsTeams togetherTeam positionsShared explorationLock speedFull tech treeHidden civsTurbo modeCheats
Victory
Defeat
🇦🇷 Britons · Argentina
1928
+10
🇭🇰 Cumans · Hong Kong SAR China
1914
+10
🇧🇪 Berbers · Belgium
1663
+20
🇦🇲 Armenians · Armenia
1645
+21
🇲🇦 Burmese · Morocco
1843
-18
🇨🇭 Turks · Switzerland
1780
-16
🇨🇿 Vikings · Czechia
1778
-16
🇬🇧 Wu · United Kingdom
1668
-11
Velky kanec
9:18 Feudal Age
9:03 Loom
10:22 Double-Bit Axe
12:28 Fletching
24:44 Castle Age
22:51 Horse Collar
JustAGecko
6:39 Loom
8:44 Feudal Age
9:54 Double-Bit Axe
18:01 Wheelbarrow
22:33 Castle Age
20:50 Horse Collar
21:34 Bloodlines
21:52 Forging
KissBB
6:50 Loom
9:02 Feudal Age
10:38 Horse Collar
15:27 Town Watch
21:31 Castle Age
20:06 Gold Mining
21:39 Bloodlines
23:26 Husbandry
24:08 Padded Archer Armor
Niroxs
9:04 Feudal Age
9:53 Double-Bit Axe
14:45 Fletching
16:52 Horse Collar
22:17 Castle Age
21:03 Padded Archer Armor
22:16 Crossbowman
SpecialistArena7
6:50 Loom
9:16 Feudal Age
9:44 Double-Bit Axe
11:21 Horse Collar
16:36 Scale Barding Armor
19:21 Bloodlines
21:58 Wheelbarrow
25:38 Castle Age
24:19 Forging
Komi
10:03 Feudal Age
8:56 Loom
17:48 Double-Bit Axe
23:34 Castle Age
23:37 Crossbowman
24:29 Fletching
T
9:10 Feudal Age
9:37 Double-Bit Axe
10:05 Horse Collar
12:39 Loom
18:22 Forging
18:11 Town Watch
19:38 Scale Barding Armor
22:11 Wheelbarrow
21:51 Bloodlines
26:56 Castle Age
Fish
7:28 Loom
10:02 Feudal Age
10:36 Double-Bit Axe
10:12 Man-at-Arms
15:15 Fletching
16:24 Padded Archer Armor
22:54 Castle Age
21:30 Gold Mining
22:58 Crossbowman
23:33 Bodkin Arrow
23:49 Bow Saw
23:52 Town Watch
Connection lost

Rejoining the realm…

Still unreachable

The connection could not be restored.

Session expired

The server has moved on; the page needs a fresh start.